Cogmind - Beta 11 @@@ ROGUE MODE // 2022.03.24 @ 13:09:03 Player: Dytto Result: Destroyed by S-10 Pest with Light Assault Rifle Performance ------------- Evolutions (1) 500 Regions Visited (3) 600 Robots Destroyed (24) 120 Value Destroyed (515) 515 Prototype IDs (2) 40 Alien Tech Used (0) 0 Bonus (33) 33 TOTAL SCORE: 1808 Bonus ------- Follower Combat Kills 33 Cogmind --------- Core Integrity 0/400 Matter 265/300 Energy 350/350 System Corruption 0% Temperature Cool (0) Movement Core (100) Ox1 Location -9/Materials Parts ------- > --- POWER (1) -------- (None) > --- PROPULSION (3) --- (None) > --- UTILITY (2) ------ High-capacity Battery > --- WEAPON (3) ------- (None) > --- INVENTORY (5) ---- Improved Ion Engine Aluminum Leg Light Armor Plating Hammer Peak State ------------ > --- POWER ------------ Light Ion Engine > --- PROPULSION ------- Compact Wheel Compact Wheel Compact Wheel > --- UTILITY ---------- High-capacity Battery Targeting Computer > --- WEAPON ----------- Spread Laser Plasma Cutter Hammer > --- INVENTORY -------- Light Ion Engine Aluminum Leg Beam Cannon Mining Laser Hammer [Rating: 11] Favorites ----------- Power Light Ion Engine Engine Light Ion Engine Propulsion Compact Wheel Leg Aluminum Leg Wheel Compact Wheel Utility High-capacity Battery Storage High-capacity Battery Processor Targeting Computer Protection Light Armor Plating Weapon Hammer Energy Gun Spread Laser Energy Cannon Beam Cannon Ballistic Gun Assault Rifle Special Weapon Plasma Cutter Impact Weapon Hammer Build | -11 -10 -10 -9 ------- Run | Scr Mat Min Mat Slots Evolved 2 | . . . 2 Power . | . . . . Propulsion 1 | . . . 1 Utility . | . . . . Weapon 1 | . . . 1 Parts Attached 31 | 5 11 3 12 Power 4 | 1 1 1 1 Engine 4 | 1 1 1 1 Core . | . . . . Reactor . | . . . . Propulsion 9 | 2 4 1 2 Treads . | . . . . Leg 3 | 2 1 . . Wheel 6 | . 3 1 2 Hover . | . . . . Flight . | . . . . Utility 3 | . 2 . 1 Device . | . . . . Storage 1 | . 1 . . Processor 1 | . 1 . . Hackware . | . . . . Protection 1 | . . . 1 Artifact . | . . . . Weapon 15 | 2 4 1 8 Energy Gun 5 | 1 3 . 1 Energy Cannon 1 | . . . 1 Ballistic Gun 4 | 1 . . 3 Ballistic Cannon . | . . . . Launcher . | . . . . Special Weapon 3 | . . 1 2 Impact Weapon 2 | . 1 . 1 Slashing Weapon . | . . . . Piercing Weapon . | . . . . Special Melee Weapon . | . . . . Unidentified Prototypes . | . . . . Parts Lost 19 | . 1 2 16 Power 4 | . 1 1 2 Propulsion 5 | . . 1 4 Utility 2 | . . . 2 Weapon 8 | . . . 8 Highest Loss Streak 12 | . 1 2 12 To Critical Strikes . | . . . . Average Slot Usage (%) 88 | . 86 99 86 Engine 13 | . 13 13 9 Leg 12 | . 19 . . Wheel 15 | . 8 28 27 Storage 12 | . 12 14 11 Processor 6 | . 2 14 9 Energy Gun 12 | . 14 12 6 Special Weapon 1 | . . 1 6 Impact Weapon 12 | . 12 14 9 Naked Turns . | . . . . Heaviest Build 17 | 6 12 12 17 Greatest Support 48 | 20 32 32 48 Greatest Overweight (x) 1 | . . . 1 Average Overweight (x) . | . . . . Largest Inventory Capacity 5 | 5 5 5 5 Average Capacity 5 | 5 5 5 5 Most Carried 5 | 4 5 5 5 Average Carried 4 | 1 4 4 4 Final Capacity 5 | 5 5 5 5 Final Carried 5 | 4 5 5 4 Class Distribution -------------------- 100% | Mutant Dominant Class ---------------- Mutant | -10/Materials Mutant | -10/Mines Mutant | -9/Materials Resources | -11 -10 -10 -9 ----------- Run | Scr Mat Min Mat Matter Collected 541 | 230 177 58 76 Remotely . | . . . . Salvage Created 631 | . 258 63 310 Parts 51 | . 19 13 19 Haulers Intercepted 1 | . . . 1 Recyclers Shooed . | . . . . Parts Field Recycled . | . . . . Retrieved Matter . | . . . . Parts Self-Destructed . | . . . . Prevented . | . . . . Kills | -11 -10 -10 -9 ------- Run | Scr Mat Min Mat Combat Hostiles Destroyed 22 | . 10 6 6 Melee 1 | . 1 . . Guns 17 | . 9 6 2 Cannons 4 | . . . 4 Classes Destroyed 5 | . 3 . 2 Hauler 1 | . . . 1 Watcher 1 | . 1 . . Swarmer 12 | . 6 6 . Grunt 9 | . 4 . 5 Sentry 1 | . . . 1 Best Kill Streak 4 | . 3 3 4 Combat Bots Only 4 | . 3 3 4 Max Kills in Single Turn 1 | . 1 1 1 Gunslinging . | . . . . Exploded . | . . . . Melee 1 | . 1 . . Uniques/NPCs Destroyed . | . . . . Combat | -11 -10 -10 -9 -------- Run | Scr Mat Min Mat Damage Taken 2053 | . 481 220 1352 Core 605 | . 143 59 403 Absorbed by Shields . | . . . . Core Remaining (%) 59 | 100 . 19 . Volleys Fired 71 | . 29 20 22 Largest 2 | . 2 1 2 Hottest 100 | . 65 100 85 Shots Fired 90 | . 42 20 28 Gun 68 | . 42 12 14 Cannon 10 | . . . 10 Launcher . | . . . . Special 12 | . . 8 4 Kinetic 20 | . 11 . 9 Thermal 70 | . 31 20 19 Explosive . | . . . . Electromagnetic . | . . . . Robot Hit Streak 9 | . 4 4 9 Robot Miss Streak 13 | . 7 13 3 Penetration Max . | . . . . Secondary Targets . | . . . . Shots Hit Robots 62 | . 31 8 23 Core Hits 56 | . 27 12 17 Critical Kills . | . . . . Critical Parts Destroyed 1 | . 1 . . Critical Strikes 1 | . 1 . . Smash 1 | . 1 . . Melee Attacks 10 | . 4 . 6 Impact 10 | . 4 . 6 Slashing . | . . . . Piercing . | . . . . Sneak Attacks 1 | . . . 1 Combat Hostiles . | . . . . Follow-up Attacks . | . . . . Damage Inflicted 933 | . 398 100 435 Guns 640 | . 327 100 213 Cannons 123 | . . . 123 Explosions . | . . . . Melee 136 | . 71 . 65 Ramming 12 | . . . 12 Kinetic 211 | . 83 . 128 Thermal 574 | . 244 100 230 Explosive . | . . . . Electromagnetic . | . . . . Impact 136 | . 71 . 65 Slashing . | . . . . Piercing . | . . . . Highest Corruption 3 | . 3 3 . Average Corruption 2 | . 2 3 . Corruption Purged . | . . . . Corruption Blocked . | . . . . Effects 29 | . 23 6 . Message Errors 6 | . 5 1 . Matter Fused 9 | . 7 2 . Heat Flow Errors 4 | . 3 1 . Data Loss (minor) 7 | . 5 2 . Data Loss (major) 1 | . 1 . . Misfires 2 | . 2 . . Overload Shots . | . . . . Overflow Damage 47 | . 35 . 12 Projectiles . | . . . . Explosions . | . . . . Melee 47 | . 35 . 12 Knockbacks . | . . . . Impact . | . . . . Kinetic . | . . . . Secondary . | . . . . Self-Inflicted Damage 5 | . . . 5 Shots . | . . . . Rammed 4 | . . . 4 Targets Rammed 4 | . . . 4 Kicked . | . . . . Crushed . | . . . . Highest Temperature 267 | . 267 267 82 Average Temperature 41 | . 41 52 21 Received Heat Transfer 570 | . 180 . 390 Effects 3 | . 3 . . Interference 3 | . 3 . . Siege Activations . | . . . . Robots Corrupted . | . . . . Combat Hostiles . | . . . . Parts Fried 5 | . 5 . . Impact Corruptions 3 | . 2 . 1 Robots Melted . | . . . . Combat Hostiles . | . . . . Parts Melted . | . . . . Heat Transferred 935 | . 372 120 443 Parts Sabotaged . | . . . . Parts Stolen . | . . . . Parts Stripped . | . . . . Power Chain Reactions . | . . . . Missiles Intercepted . | . . . . Alert | -11 -10 -10 -9 ------- Run | Scr Mat Min Mat Peak Influence 170 | . 150 170 144 Initial 47 | . . 47 . Average 72 | . 59 137 59 Maximum Alert Level . | . . . . Low Security (%) 100 | 100 100 100 100 Level 1 . | . . . . Level 2 . | . . . . Level 3 . | . . . . Level 4 . | . . . . Level 5 . | . . . . High Security . | . . . . Max Security . | . . . . Squads Dispatched 5 | . 3 . 2 Investigation 1 | . 1 . . Extermination . | . . . . Reinforcement 4 | . 2 . 2 Assault . | . . . . Garrison . | . . . . Intercept . | . . . . Searches Triggered . | . . . . Construction Impeded . | . . . . Haulers Reinforced . | . . . . Active Scanning Responses . | . . . . Cargo Convoy Interrupts . | . . . . Stealth | -11 -10 -10 -9 --------- Run | Scr Mat Min Mat Distress Signals 4 | . 1 . 3 Communications Jammed . | . . . . Distress Signals . | . . . . Times Spotted 50 | . 21 9 20 Peak Tracking Total 9 | . 3 3 9 Tactical Retreats 1 | . 1 . . Traps | -11 -10 -10 -9 ------- Run | Scr Mat Min Mat Traps Triggered 4 | . 3 . 1 Indirectly . | . . . . Trap Hack Attempts . | . . . . Triggered . | . . . . Disarmed . | . . . . Reprogrammed . | . . . . Reused . | . . . . Traps Extracted . | . . . . Installed . | . . . . Triggered . | . . . . Machines | -11 -10 -10 -9 ---------- Run | Scr Mat Min Mat Machines Disabled . | . . . . Max in Single Turn . | . . . . Machines Sabotaged . | . . . . Garrisons Compromised . | . . . . Overloaded Fab Kills . | . . . . Hacking | -11 -10 -10 -9 --------- Run | Scr Mat Min Mat Machines Accessed 8 | . 6 . 2 Terminals 7 | . 6 . 1 Fabricators . | . . . . Repair Stations . | . . . . Recycling Units . | . . . . Scanalyzers 1 | . . . 1 Garrison Access . | . . . . Total Hacks 17 | . 13 . 4 Successful 13 | . 9 . 4 Failed 4 | . 4 . . Catastrophic . | . . . . Database Lockouts . | . . . . Manual . | . . . . Terminals 15 | . 13 . 2 Fabricators . | . . . . Repair Stations . | . . . . Recycling Units . | . . . . Scanalyzers 2 | . . . 2 Garrison Access . | . . . . Terminal Hacks 11 | . 9 . 2 Record 7 | . 7 . . Prototype ID Bank 1 | . 1 . . Alert Level 1 | . . . 1 Dispatch Records 2 | . 1 . 1 Fabricator Hacks . | . . . . Repair Station Hacks . | . . . . Recycling Unit Hacks . | . . . . Scanalyzer 2 | . . . 2 Insert Component 1 | . . . 1 Analyze 1 | . . . 1 Garrison Access Hacks . | . . . . Unauthorized Hacks . | . . . . Terminals . | . . . . Fabricators . | . . . . Repair Stations . | . . . . Recycling Units . | . . . . Scanalyzers . | . . . . Garrison Access . | . . . . Data Cores Recovered . | . . . . Used . | . . . . Hacking Detections 7 | . 6 . 1 Full Trace Events 1 | . 1 . . Feedback Events . | . . . . Feedback Blocked . | . . . . Robot Schematics Acquired . | . . . . Robots Built . | . . . . Authchips . | . . . . Time . | . . . . Total Robot Build Rating . | . . . . Part Schematics Acquired 1 | . . . 1 Parts Built . | . . . . Authchips . | . . . . Time . | . . . . Total Part Build Rating . | . . . . Parts Repaired . | . . . . Time . | . . . . Parts Recycled . | . . . . Recycled Matter . | . . . . Retrieved Matter . | . . . . Retrieved Components . | . . . . Parts Scanalyzed 1 | . . . 1 Part Schematics Acquired 1 | . . . 1 Parts Damaged . | . . . . Bothacking | -11 -10 -10 -9 ------------ Run | Scr Mat Min Mat Used RIF Installer . | . . . . Robots Hacked . | . . . . Non-combat . | . . . . Combat . | . . . . Robot Hacks Applied . | . . . . Relay Couplers Released . | . . . . Fabnet Peak Effective % . | . . . . Robots Rewired . | . . . . Allies Hacked . | . . . . Hacks Repelled . | . . . . Allies | -11 -10 -10 -9 -------- Run | Scr Mat Min Mat Total Allies 3 | . . 3 . Largest Group 3 | . . 3 2 Highest-Rated Group 40 | . . 40 32 Highest-Rated Ally 16 | . . 16 16 Total Orders . | . . . . Ally Attacks 7 | . . . 7 Total Damage 95 | . . . 95 Kills 1 | . . . 1 Allies Corrupted . | . . . . Allies Melted . | . . . . Intel | -11 -10 -10 -9 ------- Run | Scr Mat Min Mat Robot Analysis Total . | . . . . Derelict Logs Recovered 1 | . . 1 . Drone Launches . | . . . . Drone Recoveries . | . . . . Exploration | -11 -10 -10 -9 ------------- Run | Scr Mat Min Mat Turns Passed 2192 | 57 1347 403 385 Spaces Moved 1318 | 42 697 334 245 Core 9 | 6 . . 3 Treads . | . . . . Legs 399 | 36 363 . . Wheels 910 | . 334 334 242 Hover . | . . . . Flight . | . . . . Fastest Speed 50 | 50 100 100 80 Average Speed 105 | 110 110 100 96 Slowest Speed 120 | 120 120 100 100 Overloaded Moves . | . . . . Propulsion Burnouts . | . . . . Robots Hopped . | . . . . Cave-ins Triggered . | . . . . Exploration Rate (%) 42 | 4 80 61 26 Regions Visited 3 Branch Regions 1 Pre-discovered Areas 1 | . . 1 . Known Exits Taken . | . . . . Unknown Exits Taken 3 | 1 1 1 . Scrap Searched . | . . . . Spaces Dug . | . . . . Terrain Destroyed 1 | . . 1 . Melee . | . . . . Projectile 1 | . . 1 . AOE . | . . . . Terrain Rammed . | . . . . Walls Destroyed . | . . . . Machines Disabled . | . . . . Actions | -11 -10 -10 -9 --------- Run | Scr Mat Min Mat Total 1996 | 50 1231 366 349 Wait 528 | . 467 9 52 Move 1315 | 41 696 333 245 Hop . | . . . . Pick Up 19 | 4 10 1 4 Fast Attach 21 | 5 6 1 9 Attach 8 | . 4 1 3 Detach 4 | . 3 . 1 Swap 2 | . 1 1 . Drop 14 | . 11 . 3 Fire 71 | . 29 20 22 Melee 10 | . 4 . 6 Ram 4 | . . . 4 Kick . | . . . . Crush . | . . . . Escape Stasis . | . . . . Rewire . | . . . . Trap . | . . . . Miscellaneous . | . . . . Route ------- -11/Scrapyard -10/Materials (discovered 3 exits: *Mat x2 / [*Min]) -10/Mines -9/Materials (discovered 1 exit: [*Min]) History --------- Turn | Location | Event 7 | -11/Scrapyard | Discovered new exit (range 16) 58 | -11/Scrapyard | Entered Materials 311 | -10/Materials | Build established: Mutant 349 | -10/Materials | Discovered new exit (range 5) 1270 | -10/Materials | Discovered new exit (range 13) 1367 | -10/Materials | Core integrity fell below 50% 1387 | -10/Materials | Discovered new exit (range 12) 1405 | -10/Materials | Entered Mines 1446 | -10/Mines | Learned location of Storage (-8) 1621 | -10/Mines | Core integrity fell below 20% 1678 | -10/Mines | Assisted by bots powering up and referring to "LRC-V3" 1749 | -10/Mines | Excavation squad dispatched 1749 | -10/Mines | A large section of the Mines collapsed 1794 | -10/Mines | Discovered new exit (range 11) 1808 | -10/Mines | Entered Materials 1808 | -9/Materials | Accompanied by 2 allies 1808 | -9/Materials | Evolved 2 slots: Propulsion x1, Weapon x1 2030 | -9/Materials | Discovered new exit (range 12) 2057 | -9/Materials | Lost 4 parts (1p1n2w) 2177 | -9/Materials | Core integrity fell below 50% 2186 | -9/Materials | Core integrity fell below 20% 2193 | -9/Materials | Destroyed by S-10 Pest with Light Assault Rifle Last Messages --------------- 02164_ Critical hit (Burn: +37). 02166_ Triggered Blade Trap. 02166_ Massive razor-sharp blades shoot up from within the floor. 02166_ Mace severed. 02167_ Slammed into S-10 Pest. 02167_ S-10 Pest destroyed. 02169_ Acquired Hvy. Assault Rifle. 02172_ Y-45 Defender destroyed. 02173_ Wheel destroyed. 02174_ Lgt. Armor Plating destroyed. 02175_ U-05 Engineer lays Concrete. 02176_ Hvy. Assault Rifle destroyed. 02176_ Critical hit (Burn: +37). 02179_ G-34 Mercenary destroyed. 02179_ G-47 Trooper destroyed. 02181_ Hvy. Assault Rifle destroyed. 02182_ Acquired Hvy. Assault Rifle. 02185_ Critical hit (Burn: +37). 02188_ Hvy. Assault Rifle destroyed. 02192_ Slammed into Y-45 Defender. Map ----- +----------------------------------------------------+ | ???????????????????????????????????????? ????? | | ???????????????????????????????????????? ????? | | ??????????????????????????????????????### ###### | | ??????????????????????????????????????? # # | | ????????????????????????????????????????+ # | | ????????????????????????????????????????# # " | | ????????????????????????????????????????# # """ | | ????????????????????????????????????????#=% # "? | | ????????????????????????????????????????# %##+### | | ???????????????????????????############## %= | | ?????????????????????????## """"" # # | | ?????????????????????????# ""T"" =/ !*%# | | ??????????????????????????# ||| ==######% =# | | ??????????????????????????# || ==%#????#=%!# | | ??????????????????????????# | %=#????# =+ | | ??????????????????????????# *#????# # | | ??????????????????????????###########+###???## # | | ??????????????????????????????????# ##### | | ???????????????????????????????#### | | ???????????????????????????????# | | ???????????????????????????????# ## | | ???????????????????????????????# ## ##### | | ??????????????????????########## ########??####+## | | ??????????????????????#=%![ *# % #???????# | | ??????????????????????# =!!%=#r #???????# """ | | ??????????????????????# Y@[=%Y #???????# """ " | | ??????????????????????# !=^ss# #???????# """ " | | ??????????????????????# *[[ # #???????# | | ??????????????????????# ## ##???????# | | ??????????????????????######### #????????# | | ??????????????????????????????# #????????# | | ??????????????????????????????# #????????####### | | ??????????????????????????????# #??????????????? | | ?????????????????????????????? ??????????????? | | ?????????????????????????????? ?????????????? | | ?????????????????????????????? ?????????????? | | ?????????????????????????????? +????????????? | | ?????????????????????????????? #????????????? | | ?????????????????????????????? ?#????????????? | | ???????????????????????????????? ????????????????? | | ?????????????????????????????????????????????????? | | ?????????????????????????????????????????????????? | | ?????????????????????????????????????????????????? | | ?????????????????????????????????????????????????? | | ?????????????????????????????????????????????????? | | ?????????????????????????????????????????????????? | | ?????????????????????????????????????????????????? | | ?????????????????????????????????????????????????? | | ?????????????????????????????????????????????????? | | | +----------------------------------------------------+ Best States ------------- Heat Dissipation 28 Energy Generation 12 Energy Capacity 515 Matter Stores 300 Matter Capacity 300 Sight Range 16 Terrain Scan Density 10 Armor Coverage 150 Evasion (%) 55 Targeting Accuracy 5 Item Schematics ----------------- Lgt. Armor Plating | -9/Materials | Scanalyzed Robot Schematics ------------------ None Fabricated ------------ Nothing Alien Tech Used ----------------- None Achievements -------------- None Challenges ------------ None Game ------ Seed DronePhasingClaws Manual? 0 Play Time 00:23:12 Cumulative 15.7 hours Start 2022.03.24 @ 12:50:14 End 2022.03.24 @ 13:09:03 Sessions 1 Manual Loads 0 Difficulty Rogue Special Mode None Game No. 56 Rogue 20 Adventurer 36 Explorer 0 Win Type - Total 0 Types 0/0/0/0/0/0/0/0/0 Lore% 14 Gallery% 19 Achievement% 15 Wizard Run 0 Options --------- ASCII 0 Keyboard 1 Movement Numpad Keybinds 0 Fullscreen 2 Font 18/X11Bold Map View 76x50 Tactical HUD 1 Map Filters NONE Filters NONE Steam 1 RUN: 62442390-fc6a-4b3b-a854-9fdc75eca058